| TOP OF THE 1ST |
|
Washington Nationals batting - Pitching for San Diego Padres : RHP Matt Decker
|
|
Pitching: RHP Matt Decker
|
|
|
Batting: SHB Mark Rennie
|
0-0: Called Strike 0-1: Foul Ball, location: 2F 0-2: Ball 1-2: Ball 2-2: Ball 3-2: Strikes out swinging
|
|
Batting: RHB Dave Vargas
|
0-0: Ball 1-0: Swinging Strike 1-1: Ball 2-1: Swinging Strike 2-2: Strikes out swinging
|
|
Batting: LHB Seth Cook
|
0-0: Called Strike 0-1: Ball 1-1: Called Strike 1-2: SINGLE (Groundball, 34D, EV 104.4 MPH)
|
|
Batting: RHB John Sanders
|
0-0: Called Strike 0-1: Ball 1-1: Ball 2-1: Foul Ball, location: 2F 2-2: Foul Ball, location: 2F 2-2: Ball 3-2: Ground out 5-3 (Groundball, 5S, EV 73.1 MPH)
|
| Top of the 1st over - 0 runs, 1 hit, 0 errors, 1 left on base; Washington 0 - San Diego 0 |
| BOTTOM OF THE 1ST |
|
San Diego Padres batting - Pitching for Washington Nationals : LHP Ragnar Danielsson
|
|
Pitching: LHP Ragnar Danielsson
|
|
|
Batting: RHB Eisse Bravenboer
|
0-0: Ground out 6-3 (Groundball, 56, EV 88.8 MPH)
|
|
Batting: SHB Phil Zacharia
|
0-0: Ball 1-0: Ball 2-0: Ball 3-0: Called Strike 3-1: Base on Balls
|
|
Batting: RHB Hugo Bautista
|
0-0: Called Strike 0-1: Ball 1-1: Swinging Strike 1-2: Foul Ball, location: 2F 1-2: Strikes out swinging
|
|
Batting: RHB Luis Torres
|
0-0: Swinging Strike 0-1: Foul Ball, location: 2F 0-2: Strikes out looking
|
| Bottom of the 1st over - 0 runs, 0 hits, 0 errors, 1 left on base; Washington 0 - San Diego 0 |
| TOP OF THE 2ND |
|
Washington Nationals batting - Pitching for San Diego Padres : RHP Matt Decker
|
|
Batting: SHB Tze-meng Gan
|
0-0: Called Strike 0-1: Foul Ball, location: 2F 0-2: Ball 1-2: Fly out, F7 (Flyball, 7LM, EV 95.0 MPH)
|
|
Batting: LHB Jeff Luvisi
|
0-0: Swinging Strike 0-1: Ball 1-1: Foul Ball, location: 2F 1-2: Ball 2-2: Ball 3-2: Base on Balls
|
|
Batting: LHB Bi-jun Chien
|
0-0: Ball 1-0: Ball 2-0: Ball 3-0: Called Strike 3-1: Base on Balls Jeff Luvisi to second
|
|
Batting: RHB Dan Fallon
|
0-0: Ball 1-0: Ball 2-0: Grounds into double play, 5-4-3 (Groundball, 56S, EV 90.6 MPH)
|
| Top of the 2nd over - 0 runs, 0 hits, 0 errors, 1 left on base; Washington 0 - San Diego 0 |
| BOTTOM OF THE 2ND |
|
San Diego Padres batting - Pitching for Washington Nationals : LHP Ragnar Danielsson
|
|
Batting: RHB Elijah Campbell
|
0-0: Called Strike 0-1: Called Strike 0-2: Ground out 6-3 (Groundball, 6MS, EV 79.4 MPH)
|
|
Batting: RHB Masashi Yukizawa
|
0-0: Ground out 4-3 (Groundball, 4S, EV 85.6 MPH)
|
|
Batting: RHB Rodolfo Rivera
|
0-0: Ball 1-0: Called Strike 1-1: Called Strike 1-2: Strikes out swinging
|
| Bottom of the 2nd over - 0 runs, 0 hits, 0 errors, 0 left on base; Washington 0 - San Diego 0 |
| TOP OF THE 3RD |
|
Washington Nationals batting - Pitching for San Diego Padres : RHP Matt Decker
|
|
Batting: RHB Darren McCarty Jr.
|
0-0: DOUBLE (Flyball, 8RXD, EV 109.4 MPH)
|
|
Batting: SHB Mark Rennie
|
0-0: Ball 1-0: Ball 2-0: Called Strike 2-1: Foul Ball, location: 2F 2-2: Fly out, F5 (Popup, 56S, EV 86.2 MPH)
|
|
Batting: RHB Dave Vargas
|
0-0: Called Strike 0-1: Swinging Strike 0-2: Ball 1-2: Foul Ball, location: 2F 1-2: Ball 2-2: Ball 3-2: SINGLE (Groundball, 6MD, EV 96.2 MPH) Darren McCarty Jr. to third
|
|
Batting: LHB Seth Cook
|
0-0: Foul Ball, location: 2F 0-1: Ball 1-1: Ball 2-1: Called Strike 2-2: Foul Ball, location: 2F 2-2: Fielders Choice at 2nd, 6-4 (Groundball, 6M, EV 102.5 MPH) Darren McCarty Jr. scores
|
|
Batting: RHB John Sanders
|
0-0: Ball 1-0: Ball 2-0: Swinging Strike 2-1: Swinging Strike 2-2: Strikes out swinging
|
| Top of the 3rd over - 1 run, 2 hits, 0 errors, 1 left on base; Washington 1 - San Diego 0 |
| BOTTOM OF THE 3RD |
|
San Diego Padres batting - Pitching for Washington Nationals : LHP Ragnar Danielsson
|
|
Batting: RHB Wally Cangro
|
0-0: Ball 1-0: Foul Ball, location: 2F 1-1: Ground out 5-3 (Groundball, 5S, EV 71.2 MPH)
|
|
Batting: LHB Mike Holt
|
0-0: Ball 1-0: Foul Ball, location: 2F 1-1: Swinging Strike 1-2: Ground out 4-3 (Groundball, 34D, EV 100.0 MPH)
|
|
Batting: RHB Eisse Bravenboer
|
0-0: Swinging Strike 0-1: Ball 1-1: Ball 2-1: Called Strike 2-2: Foul Ball, location: 2F 2-2: Fly out, F9 (Flyball, 9, EV 96.9 MPH)
|
| Bottom of the 3rd over - 0 runs, 0 hits, 0 errors, 0 left on base; Washington 1 - San Diego 0 |
| TOP OF THE 4TH |
|
Washington Nationals batting - Pitching for San Diego Padres : RHP Matt Decker
|
|
Batting: SHB Tze-meng Gan
|
0-0: Called Strike 0-1: Ball 1-1: SINGLE (Groundball, 56D, EV 101.9 MPH)
|
|
Batting: LHB Jeff Luvisi
|
0-0: Called Strike Tze-meng Gan is caught stealing 2nd base 2-6 0-1: Foul Ball, location: 2F 0-2: Foul Ball, location: 2F 0-2: Ball 1-2: Ball 2-2: Ball 3-2: Strikes out looking
|
|
Batting: LHB Bi-jun Chien
|
0-0: Ball 1-0: Ball 2-0: Ball 3-0: Base on Balls
|
|
Batting: RHB Dan Fallon
|
0-0: Foul Ball, location: 2F 0-1: Ground out 1-3 (Groundball, 34S, EV 65.6 MPH)
|
| Top of the 4th over - 0 runs, 1 hit, 0 errors, 1 left on base; Washington 1 - San Diego 0 |
| BOTTOM OF THE 4TH |
|
San Diego Padres batting - Pitching for Washington Nationals : LHP Ragnar Danielsson
|
|
Batting: SHB Phil Zacharia
|
0-0: Called Strike 0-1: Ball 1-1: Foul Ball, location: 2F 1-2: Strikes out swinging
|
|
Batting: RHB Hugo Bautista
|
0-0: SINGLE (Groundball, 56, EV 100.6 MPH) (infield hit)
|
|
Batting: RHB Luis Torres
|
0-0: Ball Hugo Bautista is caught stealing 2nd base 2-4 1-0: Ball 2-0: Swinging Strike 2-1: Foul Ball, location: 2F 2-2: Ground out 4-3 (Groundball, 4M, EV 105.0 MPH)
|
| Bottom of the 4th over - 0 runs, 1 hit, 0 errors, 0 left on base; Washington 1 - San Diego 0 |
| TOP OF THE 5TH |
|
Washington Nationals batting - Pitching for San Diego Padres : RHP Matt Decker
|
|
Batting: RHB Darren McCarty Jr.
|
0-0: Foul Ball, location: 2F 0-1: DOUBLE (Line Drive, 89D, EV 110.6 MPH)
|
|
Batting: SHB Mark Rennie
|
0-0: Called Strike 0-1: Foul Ball, location: 2F 0-2: Foul Ball, location: 2F 0-2: Ball 1-2: Foul Ball, location: 2F 1-2: Ball 2-2: Ball 3-2: Strikes out swinging
|
|
Pitching: LHP Randolph Rayner
|
|
|
Batting: RHB Dave Vargas
|
0-0: Ball 1-0: Foul Ball, location: 2F 1-1: Ball 2-1: Swinging Strike 2-2: Strikes out swinging
|
|
Batting: LHB Seth Cook
|
0-0: Ball Passed Ball! Darren McCarty Jr. to third 1-0: Ball 2-0: Called Strike 2-1: Called Strike 2-2: Strikes out swinging
|
| Top of the 5th over - 0 runs, 1 hit, 0 errors, 1 left on base; Washington 1 - San Diego 0 |
| BOTTOM OF THE 5TH |
|
San Diego Padres batting - Pitching for Washington Nationals : LHP Ragnar Danielsson
|
|
Batting: RHB Elijah Campbell
|
0-0: Ball 1-0: Ball 2-0: Swinging Strike 2-1: Foul Ball, location: 2F 2-2: Foul Ball, location: 2F 2-2: Ball 3-2: Foul Ball, location: 2F 3-2: Foul Ball, location: 2F 3-2: SINGLE (Groundball, 6D, EV 107.5 MPH)
|
|
Batting: RHB Masashi Yukizawa
|
0-0: Called Strike 0-1: Sac Bunt to 3S - play at first, batter OUT! 3-1 Elijah Campbell to second
|
|
Batting: RHB Rodolfo Rivera
|
0-0: Ball 1-0: SINGLE (Line Drive, 4MD, EV 96.2 MPH) Elijah Campbell to third Runner from 3rd tries for Home, SAFE, throw by CF to home Rodolfo Rivera to second
|
|
Batting: RHB Wally Cangro
|
0-0: SINGLE (Groundball, 56D, EV 103.8 MPH) Rodolfo Rivera to third Runner from 3rd tries for Home, SAFE, throw by LF to home
|
|
Batting: LHB Mike Holt
|
0-0: Ball 1-0: Called Strike Wally Cangro steals 2nd base 1-1: Ball 2-1: Ground out 4-3 (Groundball, 4, EV 85.6 MPH) Wally Cangro to third
|
|
Batting: RHB Eisse Bravenboer
|
0-0: Called Strike 0-1: Swinging Strike 0-2: Foul Ball, location: 2F 0-2: Ball 1-2: Ball 2-2: Foul Ball, location: 2F 2-2: Foul Ball, location: 2F 2-2: Ball 3-2: Fly out, F8 (Flyball, 89D, EV 100.0 MPH)
|
| Bottom of the 5th over - 2 runs, 3 hits, 0 errors, 1 left on base; Washington 1 - San Diego 2 |
| TOP OF THE 6TH |
|
Washington Nationals batting - Pitching for San Diego Padres : LHP Randolph Rayner
|
|
Batting: RHB John Sanders
|
0-0: Ball 1-0: Ball 2-0: SINGLE (Line Drive, 56D, EV 100.0 MPH)
|
|
Batting: SHB Tze-meng Gan
|
0-0: Ball 1-0: SINGLE (Groundball, 34D, EV 96.2 MPH) John Sanders to second Runner from 2nd tries for 3rd, SAFE, throw by RF made to third
|
|
Batting: LHB Jeff Luvisi
|
0-0: Ball 1-0: Ball 2-0: Foul Ball, location: 2F 2-1: Squeeze Bunt to 23 - play at first, runner scores, batter OUT! 3-4 John Sanders scores Tze-meng Gan to second
|
|
Batting: LHB Bi-jun Chien
|
0-0: Ball Tze-meng Gan steals 3rd, throwing error, E2 Tze-meng Gan scores 1-0: Ball 2-0: Ball 3-0: Called Strike 3-1: Called Strike 3-2: Base on Balls
|
|
Batting: RHB Dan Fallon
|
0-0: Ball 1-0: Ground out 5-3 (Groundball, 5, EV 89.4 MPH) Bi-jun Chien to second
|
|
Batting: RHB Darren McCarty Jr.
|
0-0: Called Strike 0-1: Fly out, F3 (Line Drive, 34, EV 66.9 MPH)
|
| Top of the 6th over - 2 runs, 2 hits, 1 error, 1 left on base; Washington 3 - San Diego 2 |
| BOTTOM OF THE 6TH |
|
San Diego Padres batting - Pitching for Washington Nationals : LHP Ragnar Danielsson
|
|
Batting: SHB Phil Zacharia
|
0-0: Called Strike 0-1: Ball 1-1: Ball 2-1: Foul Ball, location: 2F 2-2: Ball 3-2: Foul Ball, location: 2F 3-2: DOUBLE (Line Drive, 3D, EV 102.5 MPH)
|
|
Batting: RHB Hugo Bautista
|
0-0: Ball 1-0: Ball 2-0: Ball 3-0: Called Strike 3-1: Foul Ball, location: 2F 3-2: Ground out 6-3 (Groundball, 6, EV 89.4 MPH) Phil Zacharia to third
|
|
Batting: RHB Luis Torres
|
0-0: Ball 1-0: Ball 2-0: Called Strike 2-1: Foul Ball, location: 2F 2-2: Ball 3-2: Base on Balls
|
|
Batting: RHB Elijah Campbell
|
0-0: Swinging Strike 0-1: Called Strike 0-2: Grounds into double play, 4-6-3 (Groundball, 4, EV 88.8 MPH)
|
| Bottom of the 6th over - 0 runs, 1 hit, 0 errors, 1 left on base; Washington 3 - San Diego 2 |
| TOP OF THE 7TH |
|
Washington Nationals batting - Pitching for San Diego Padres : LHP Randolph Rayner
|
|
Batting: SHB Mark Rennie
|
0-0: Ball 1-0: Called Strike 1-1: Ball 2-1: Foul Ball, location: 2F 2-2: Ball 3-2: Strikes out swinging
|
|
Batting: RHB Dave Vargas
|
0-0: Ball 1-0: Ball 2-0: SINGLE (Groundball, 4, EV 95.6 MPH)
|
|
Batting: LHB Seth Cook
|
0-0: Ball Dave Vargas steals 2nd base 1-0: Ball 2-0: Foul Ball, location: 2F 2-1: Ball 3-1: Foul Ball, location: 2F 3-2: Foul Ball, location: 2F 3-2: SINGLE (Line Drive, 8RS, EV 101.2 MPH) Dave Vargas to third Runner from 3rd tries for Home, SAFE, throw by CF to home
|
|
Pitching: RHP Angelo Radford
|
|
|
Batting: RHB John Sanders
|
0-0: Ball 1-0: Ball 2-0: SINGLE (Flyball, 78S, EV 90.6 MPH) Seth Cook to second
|
|
Batting: SHB Tze-meng Gan
|
0-0: Ball 1-0: Foul Ball, location: 2F 1-1: Ground out 4-3 (Groundball, 4S, EV 70.6 MPH) Seth Cook to third John Sanders to second
|
|
Batting: LHB Jeff Luvisi
|
0-0: Foul Ball, location: 2F 0-1: Swinging Strike 0-2: Strikes out swinging
|
| Top of the 7th over - 1 run, 3 hits, 0 errors, 2 left on base; Washington 4 - San Diego 2 |
| BOTTOM OF THE 7TH |
|
San Diego Padres batting - Pitching for Washington Nationals : LHP Ragnar Danielsson
|
|
Batting: RHB Masashi Yukizawa
|
0-0: Ground out 6-3 (Groundball, 6, EV 87.5 MPH)
|
|
Batting: RHB Rodolfo Rivera
|
0-0: Ball 1-0: Ball 2-0: Called Strike 2-1: Ball 3-1: Called Strike 3-2: Base on Balls
|
|
Pitching: RHP Travis Plesz
|
|
|
Batting: RHB Wally Cangro
|
0-0: Ball 1-0: Ball 2-0: Ball 3-0: Called Strike 3-1: SINGLE (Line Drive, 9S, EV 107.5 MPH) Rodolfo Rivera to second
|
|
Batting: LHB Mike Holt
|
0-0: Called Strike 0-1: Ball 1-1: Swinging Strike 1-2: Strikes out swinging
|
|
Batting: RHB Eisse Bravenboer
|
0-0: Ball 1-0: Called Strike 1-1: Ball 2-1: Ball 3-1: Foul Ball, location: 2F 3-2: Strikes out swinging
|
| Bottom of the 7th over - 0 runs, 1 hit, 0 errors, 2 left on base; Washington 4 - San Diego 2 |
| TOP OF THE 8TH |
|
Washington Nationals batting - Pitching for San Diego Padres : RHP Angelo Radford
|
|
Batting: LHB Bi-jun Chien
|
0-0: Called Strike 0-1: Ball 1-1: Swinging Strike 1-2: Strikes out swinging
|
|
Batting: RHB Dan Fallon
|
0-0: Called Strike 0-1: Ball 1-1: Ball 2-1: Swinging Strike 2-2: SINGLE (Line Drive, 6M, EV 112.5 MPH)
|
|
Batting: RHB Darren McCarty Jr.
|
0-0: Ball 1-0: DOUBLE (Flyball, 89D, EV 105.0 MPH) Dan Fallon to third Runner from 3rd tries for Home, SAFE, throw by CF to trailing runner, OUT at third! 8-3-5
|
|
Batting: SHB Mark Rennie
|
0-0: Foul Ball, location: 2F 0-1: Ground out 3-1 (Groundball, 34, EV 79.4 MPH)
|
| Top of the 8th over - 1 run, 2 hits, 0 errors, 0 left on base; Washington 5 - San Diego 2 |
| BOTTOM OF THE 8TH |
|
San Diego Padres batting - Pitching for Washington Nationals : RHP Travis Plesz
|
|
Batting: SHB Phil Zacharia
|
0-0: Ball 1-0: Foul Ball, location: 2F 1-1: Ball 2-1: Called Strike 2-2: Ball 3-2: Fly out, F8 (Flyball, 8LD, EV 85.6 MPH)
|
|
Batting: RHB Hugo Bautista
|
0-0: Ball 1-0: Ball 2-0: Ball 3-0: Base on Balls
|
|
Batting: RHB Luis Torres
|
0-0: Ball 1-0: DOUBLE (Line Drive, 9LM, EV 92.5 MPH) Hugo Bautista to third
|
|
Batting: RHB Elijah Campbell
|
0-0: Called Strike 0-1: SINGLE (Line Drive, 6MD, EV 100.6 MPH) Hugo Bautista scores Luis Torres to third
|
|
Batting: RHB Masashi Yukizawa
|
0-0: Called Strike 0-1: Swinging Strike 0-2: Strikes out looking
|
|
Batting: RHB Rodolfo Rivera
|
0-0: Ball 1-0: Ball 2-0: Foul Ball, location: 2F 2-1: Fly out, F8 (Flyball, 8RD, EV 95.6 MPH)
|
| Bottom of the 8th over - 1 run, 2 hits, 0 errors, 2 left on base; Washington 5 - San Diego 3 |
| TOP OF THE 9TH |
|
Washington Nationals batting - Pitching for San Diego Padres : RHP Angelo Radford
|
|
Pitching: RHP Bryce Cleavinger
|
|
|
Batting: RHB Dave Vargas
|
0-0: Ball 1-0: Swinging Strike 1-1: Ball 2-1: Called Strike 2-2: Foul Ball, location: 2F 2-2: Strikes out swinging
|
|
Batting: LHB Seth Cook
|
0-0: Ball 1-0: Ball 2-0: Foul Ball, location: 2F 2-1: Ball 3-1: Called Strike 3-2: Ground out 5-3 (Groundball, 5S, EV 73.1 MPH)
|
|
Batting: RHB John Sanders
|
0-0: Ball 1-0: Ball 2-0: Ball 3-0: Called Strike 3-1: SINGLE (Groundball, 34D, EV 110.6 MPH)
|
|
Batting: SHB Tze-meng Gan
|
0-0: Ball 1-0: Ground out 1-3 (Groundball, 34S, EV 66.2 MPH)
|
| Top of the 9th over - 0 runs, 1 hit, 0 errors, 1 left on base; Washington 5 - San Diego 3 |
| BOTTOM OF THE 9TH |
|
San Diego Padres batting - Pitching for Washington Nationals : RHP Travis Plesz
|
|
Pitching: RHP David Sly
|
|
|
Batting: RHB Wally Cangro
|
0-0: Foul Ball, location: 2F 0-1: Fly out, F8 (Flyball, 8RD, EV 93.1 MPH)
|
|
Batting: LHB Mike Holt
|
0-0: Ball 1-0: Ball 2-0: Called Strike 2-1: Foul Ball, location: 2F 2-2: Strikes out swinging
|
|
Batting: RHB Eisse Bravenboer
|
0-0: Foul Ball, location: 2F 0-1: Swinging Strike 0-2: Ground out 4-3 (Groundball, 4, EV 87.5 MPH)
|
| Bottom of the 9th over - 0 runs, 0 hits, 0 errors, 0 left on base; Washington 5 - San Diego 3 |
|